 Dungeon Crawl Stone Soup version 0.29-a0-275-g389c0b56f3 (webtiles) character file.

Game seed: 10850520589566703032

44 spiderkeys the Ducker (level 3, -1/19 HPs)
             Began as a Spriggan Abyssal Knight on Mar 12, 2022.
             Was a Priest of Lugonu.
             Slain by a white imp (4 damage)
             ... on level 3 of the Dungeon.
             The game lasted 00:03:41 (2225 turns).

spiderkeys the Ducker (Spriggan Abyssal Knight)     Turns: 2225, Time: 00:03:42

Health: -1/19      AC:  2    Str:  9    XL:     3   Next: 39%
Magic:  6/6        EV: 18    Int: 13    God:    Lugonu [***...]
Gold:   115        SH:  0    Dex: 15    Spells: 4/5 levels left

rFire   . . .      SeeInvis +   e - +2 short sword (vamp)
rCold   . . .      Faith    .   (no shield)
rNeg    . . .      Spirit   .   b - +0 robe
rPois   .          Reflect  .   (helmet restricted)
rElec   .          Harm     .   (no cloak)
rCorr   .          Rampage  .   (gloves unavailable)
Will    .....                   (boots unavailable)
Stlth   ++........              (no amulet)
HPRegen 0.06/turn               (no ring)
MPRegen 0.10/turn               (no ring)

@: very quick
A: very small, no large weapons, unfitting armour, see invisible, speed 3
a: Renounce Religion, Depart the Abyss, Bend Space, Banish


You were on level 3 of the Dungeon.
You worshipped Lugonu.
Lugonu was most pleased with you.
You visited 1 branch of the dungeon, and saw 3 of its levels.
You visited the Abyss 1 time.

You collected 115 gold pieces.


Innate Abilities, Weirdness & Mutations

You are very small and have problems with some larger weapons.
You are too small for most types of armour.
You have supernaturally acute eyesight. (SInv)
You cover ground extremely quickly. (Speed+++)


   Skills:
 - Level 2.4 Fighting
 + Level 2.6 Short Blades
 + Level 3.6 Dodging
 - Level 0.4 Stealth
 * Level 1.9 Spellcasting
 * Level 1.9 Hexes
 - Level 1.7 Invocations


You had 4 spell levels left.
You knew the following spells:

 Your Spells              Type           Power      Damage    Failure   Level
s - Slow                  Hex            24%        N/A       12%         1

Your spell library contained the following spells:

 Spells                   Type           Power      Damage    Failure   Level
 Animate Skeleton         Necr           2%         N/A       26%         1
 Apportation              Tloc           2%         N/A       26%         1
 Magic Dart               Conj           4%         1d3       26%         1
 Summon Small Mammal      Summ           4%         N/A       26%         1
 Confusing Touch          Hex            6%         N/A       34%         3
 Blink                    Tloc           2%         N/A       36%         2
 Call Imp                 Summ           1%         N/A       36%         2
 Lesser Beckoning         Tloc           1%         N/A       61%         3
 Mephitic Cloud           Conj/Pois/Air  1%         N/A       61%         3
 Vampiric Draining        Necr           1%         2d6       61%         3
 Manifold Assault         Tloc           1%         N/A       100%        5

Inventory:

Hand Weapons
 a - a +1 short sword
 e - a +2 vampiric short sword (weapon)
   (You took it off a kobold on level 1 of the Dungeon)
Missiles
 f - 75 stones
 g - 6 poisoned darts
Armour
 b - a +0 robe (worn)
Jewellery
 v - a ring of see invisible
   (You found it on level 2 of the Dungeon)
Scrolls
 d - a scroll of amnesia
 k - 2 scrolls of blinking {!r}
 m - a scroll of enchant weapon
 o - a scroll of identify {@r1}
Potions
 c - 2 potions of might {unknown}
 h - 3 potions of flight {unknown}
 i - a potion of lignification {unknown}
 j - 2 potions of curing {unknown}
 l - a potion of berserk rage {unknown}
 n - a potion of invisibility {unknown}

Dungeon Overview and Level Annotations

Branches:
Dungeon (3/15)

Altars:

Shops:
D:3

[ #####+#+####.
#........... #
#.........##
#.##..........#
#...........#
#........#8###8
#......@5......
###'####.......
#.# .......
###.######8###8
#......# ##
#......# .#
#..PP..#####.#
#...∩P.......#
#..PPP.......#


You could see a white imp.


Message History

No target in view!
You now have 105 gold pieces (gained 18).
Found a stone staircase leading down.
Found a stone staircase leading down.
c - 2 metallic blue potions (gained 1) Key pressed, stopping explore.
l - a glowing amethyst potion A hobgoblin comes into view.
A hobgoblin is nearby!
The hobgoblin shouts!
The hobgoblin closely misses you.
You barely miss the hobgoblin. The hobgoblin misses you.
You hit the hobgoblin. The hobgoblin misses you.
You closely miss the hobgoblin. The hobgoblin closely misses you.
You closely miss the hobgoblin. The hobgoblin completely misses you.
You hit the hobgoblin. The hobgoblin misses you.
You hit the hobgoblin.
You kill the hobgoblin!
Lugonu accepts your kill.
No target in view!
Found a stone staircase leading down.
Key pressed, stopping explore.
An endoplasm comes into view.
The endoplasm quivers.
There is a stone staircase leading down here.
You hit the endoplasm.
You kill the endoplasm!
Lugonu accepts your kill.
No target in view!
No target in view!
No target in view!
A kobold is nearby!
A kobold is nearby!
The kobold throws a stone.
The stone barely misses you.
You see here 2 gold pieces.
The kobold throws a stone.
The stone closely misses you.
You hit the kobold. The kobold closely misses you.
You hit the kobold.
You kill the kobold!
Lugonu accepts your kill.
No target in view!
No target in view!
f - 75 stones (gained 4)
Things that are here:
a +0 whip; a kobold corpse You now have 107 gold pieces (gained 2).
Key pressed, stopping explore.
n - a viscous silvery potion An endoplasm comes into view.
The endoplasm quivers.
Things that are here:
a +0 club; a goblin corpse You hit the endoplasm.
You hit the endoplasm.
You kill the endoplasm!
Lugonu accepts your kill.
No target in view!
No target in view!
No target in view!
Key pressed, stopping explore.
Key pressed, stopping explore.
There is a stone staircase leading down here.
o - a scroll of identify {@r1} Done exploring.
Done exploring.
Okay, then.
Done exploring.
There is a stone staircase leading down here.
You climb downwards.
Found 8 gold pieces.
Found Qakuz's Antique Armour Shoppe.
There is a stone staircase leading up here.
You now have 115 gold pieces (gained 8).
There is an entrance to Qakuz's Antique Armour Shoppe here.
You open the door.
There is an open door here.
A white imp comes into view.
A white imp is nearby!
A white imp is nearby!
You barely miss the white imp. The white imp misses you.
You barely miss the white imp. You barely miss the white imp.
The white imp gestures at you. The puff of frost hits you!
Ouch! That really hurt!
* * * LOW HITPOINT WARNING * * *
😨 HP[-12]
You take 12 damage, and now have 7/19 hp.
MASSIVE DAMAGE!! (PAUSE)
You barely miss the white imp. The white imp barely misses you.
You closely miss the white imp. The white imp hits you.
* * * LOW HITPOINT WARNING * * *
The white imp freezes you.
* * * LOW HITPOINT WARNING * * *
😱 HP[-4]
You take 4 damage, and now have 3/19 hp.
MASSIVE DAMAGE!! (PAUSE)
You closely miss the white imp.
The white imp hits you but does no damage.
You hit the white imp. The white imp hits you.
You die...

Skill      XL: |  1  2 |
---------------+-------+-----
Spellcasting   | 1 |  1.9
Hexes          | 1 |  1.9
Fighting       | |  2.4
Short Blades   | |  2.6
Dodging        | |  3.6
Stealth        | |  0.4
Invocations    | |  1.7

Action                   || total
-------------------------++-------
Melee: Short sword       ||   109
  Use: Scroll            ||     3
 Stab: Sleeping          ||     3
Armor: Robe              ||     7
Dodge: Dodged            ||    72

Levels and vault maps discovered:
D:1:      dpeg_arrival_fog, layout_basic, ebering_ecumenical_altar_abandoned
D:2:      layout_loops_ring
D:3:      layout_basic, nicolae_qazlal_eye_of_the_storm, lemuel_tele_altar,
          serial_shops, nicolae_shop_overgrown_old_shop, serial_corexii_hall,
          chequers_hall_statues_corner_a, corexii_hall_statues_x

Notes
Turn   | Place    | Note
-------+----------+-------------------------------------------
     0 | Abyss:1  | spiderkeys the Spriggan Abyssal Knight began the quest for
                  | the Orb.
     0 | Abyss:1  | Reached XP level 1. HP: 11/11 MP: 3/3
     0 | Abyss:1  | magus.rc [v1.11.3]
   127 | Abyss:1  | Noticed a small abomination
   143 | D:1      | You pass through the gate.
   143 | D:1      | Escaped the Abyss
   343 | D:1      | You pick up a book of Debilitation and begin reading...
   343 | D:1      | You add the spells Slow, Vampiric Draining and Confusing
                  | Touch to your library.
   437 | D:1      | Learned a level 1 spell: Slow
   794 | D:1      | Reached skill level 1 in Spellcasting
   896 | D:1      | Reached XP level 2. HP: 16/16 MP: 4/4
   922 | D:1      | Reached skill level 1 in Hexes
   928 | D:1      | HP: 4/16 [kobold/+2 vampiric short sword (5)]
  1328 | D:1      | You pick up a book of Minor Magic and begin reading...
  1328 | D:1      | You add the spells Magic Dart, Call Imp and Mephitic Cloud
                  | to your library.
  1384 | D:1      | Found a faded altar of an unknown god.
  1401 | D:1      | Reached *** piety under Lugonu
  1761 | D:2      | Reached XP level 3. HP: 19/19 MP: 6/6
  1801 | D:2      | You pick up a book of Cantrips and begin reading...
  1801 | D:2      | You add the spells Animate Skeleton, Summon Small Mammal
                  | and Apportation to your library.
  1823 | D:2      | You pick up a book of Spatial Translocations and begin
                  | reading...
  1823 | D:2      | You add the spells Blink, Lesser Beckoning and Manifold
                  | Assault to your library.
  2196 | D:3      | Found Qakuz's Antique Armour Shoppe.
  2223 | D:3      | HP: 3/19 [white imp (2)]
  2225 | D:3      | Slain by a white imp

Vanquished Creatures
  A dart slug (D:2)
  7 endoplasms
  4 giant cockroaches
  3 goblins
  4 hobgoblins
  A quokka (D:1)
  3 ball pythons
  2 bats (D:1)
  5 frilled lizards
  5 kobolds
  3 rats
38 creatures vanquished.

Table legend:
 A = Non-vault XP
 B = Vault XP
 C = Vault XP percentage of total XP
 D = Non-vault monster count
 E = Vault monster count
 F = Vault count percentage of total count
                 A         B        C        D         E       F
            +---------+---------+-------+---------+---------+-------
      Total |      63 |       0 |   0.0 |      38 |       0 |   0.0
            +---------+---------+-------+---------+---------+-------
        D:1 |      38 |       0 |   0.0 |      23 |       0 |   0.0
        D:2 |      25 |       0 |   0.0 |      15 |       0 |   0.0
            +---------+---------+-------+---------+---------+-------

Illustrated notes

Table legend:
 A = Kills in this place as a percentage of kills in entire the game.
 B = Kills by you in this place as a percentage of kills by you in the entire game.
 C = Kills by friends in this place as a percentage of kills by friends in the entire game.
 D = Other kills in this place as a percentage of other kills in the entire game.
 E = Experience gained in this place as a percentage of experience gained in the entire game.
 F = Experience gained in this place divided by the number of levels of this place that you have seen.
                   A       B       C       D       E      F
               +-------+-------+-------+-------+-------+----------------------
         Total | 100.0 | 100.0 |   N/A |   N/A | 100.0 |  15.8
       Dungeon | 100.0 | 100.0 |   N/A |   N/A | 100.0 |  21.0
               +-------+-------+-------+-------+-------+----------------------

Table legend: (Time is in decaauts)
 A = Elapsed time spent in this place.
 B = Non-inter-level travel time spent in this place.
 C = Inter-level travel time spent in this place.
 D = Time resting spent in this place.
 E = Time spent auto-exploring this place.
 F = Levels seen in this place.
 G = Mean time per level.
                   A        B        C        D        E       F      G
               +--------+--------+--------+--------+--------+-----+--------+
         Total |   1689 |   1668 |     21 |    171 |   1182 |   4 |  422.2 |
       Dungeon |   1603 |   1582 |     21 |    171 |   1106 |   3 |  534.3 |
         Abyss |     86 |     86 |      0 |      0 |     76 |   1 |   86.0 |
               +--------+--------+--------+--------+--------+-----+--------+

Top non-repeatable levels by time:
     D:1: 1192 daAuts
     D:2: 390 daAuts
 Abyss:1: 86 daAuts
     D:3: 20 daAuts
